General information
			
			
        
        - name: BNet
 
        - type: Ladder team game (AT/RT)
 
        - host: Battle.net
 
        - saver: timg4strok
 
        
map: UpperKingdom 
        - players: 6
 
        - length: 11:28
 
        - speed: Fast
 - version: 1.22 W3XP
 - replay type:  

 
» download(103 KB)
Players
        team 1 (winner) 
              
              
Mata. (
orange | 166 APM | 1905 actions | 11:28)
              
 2 Archmage 
 1 Summon Water Elemental
 1 Brilliance Aura
 1 Mountain King 
 1 Storm Bolt
 
                » actions 
                
                | Assign group hotkey | 240 |  | 
| Basic commands | 20 |  | 
| Build / train | 63 |  | 
| Enter build submenu | 23 |  | 
| Enter hero's abilities submenu | 3 |  | 
| Remove unit from queue | 3 |  | 
| Right click | 899 |  | 
| Select / deselect | 397 |  | 
| Select group hotkey | 198 |  | 
| Use ability | 59 |  | 
                1905 total
 » units 
                
                | Peasant | 15 |  | 
| Footman | 15 |  | 
| Rifleman | 6 |  | 
| Sorceress | 2 |  | 
                38 total
 » buildings
                
                | Altar of Kings | 1 |  | 
| Barracks | 1 |  | 
| Farm | 7 |  | 
| Lumber Mill | 1 |  | 
| Scout Tower | 5 |  | 
| Guard Tower | 12 |  | 
| Arcane Vault | 1 |  | 
| Blacksmith | 1 |  | 
| Keep | 2 |  | 
| Arcane Sanctum | 1 |  | 
                32 total
 » build order
                00:03 Altar of Kings
00:18 Barracks
00:33 Farm
00:48 Farm
01:37 Farm
02:10 Lumber Mill
03:07 Scout Tower
03:45 Scout Tower
04:49 Guard Tower
04:49 Guard Tower
04:51 Arcane Vault
05:45 Blacksmith
05:48 Scout Tower
05:49 Scout Tower
06:10 Keep
06:11 Keep
06:20 Guard Tower
06:20 Guard Tower
06:21 Guard Tower
06:42 Guard Tower
06:42 Guard Tower
06:42 Guard Tower
06:43 Guard Tower
07:13 Scout Tower
07:37 Farm
08:42 Arcane Sanctum
09:05 Farm
09:25 Farm
10:21 Guard Tower
10:36 Farm
 
               
              
              
p.rower (
teal | 121 APM | 1390 actions | 11:28)
              
 3 Archmage 
 2 Summon Water Elemental
 1 Brilliance Aura
 
                » actions 
                
                | Assign group hotkey | 56 |  | 
| Basic commands | 2 |  | 
| Build / train | 69 |  | 
| Enter build submenu | 24 |  | 
| Enter hero's abilities submenu | 3 |  | 
| Right click | 552 |  | 
| Select / deselect | 240 |  | 
| Select group hotkey | 337 |  | 
| Use ability | 107 |  | 
                1390 total
 » units 
                » buildings
                
                | Altar of Kings | 1 |  | 
| Barracks | 1 |  | 
| Farm | 4 |  | 
| Scout Tower | 15 |  | 
| Lumber Mill | 1 |  | 
| Guard Tower | 24 |  | 
| Town Hall | 1 |  | 
| Arcane Vault | 1 |  | 
| Keep | 3 |  | 
                51 total
 » build order
                00:04 Altar of Kings
00:17 Barracks
00:33 Farm
01:02 Farm
01:44 Farm
02:24 Scout Tower
02:26 Lumber Mill
02:53 Scout Tower
03:09 Scout Tower
03:11 Scout Tower
03:25 Guard Tower
03:25 Guard Tower
03:43 Guard Tower
03:44 Guard Tower
05:07 Farm
05:12 Scout Tower
05:14 Scout Tower
05:40 Guard Tower
05:41 Guard Tower
05:41 Guard Tower
05:54 Scout Tower
05:55 Scout Tower
07:23 Town Hall
07:34 Scout Tower
07:50 Scout Tower
07:54 Scout Tower
07:56 Scout Tower
07:58 Scout Tower
08:12 Guard Tower
08:12 Guard Tower
08:57 Guard Tower
08:58 Guard Tower
08:58 Guard Tower
09:02 Scout Tower
09:03 Scout Tower
09:26 Guard Tower
09:26 Guard Tower
09:28 Arcane Vault
09:33 Guard Tower
09:51 Guard Tower
09:51 Guard Tower
10:06 Keep
10:07 Keep
10:07 Keep
» items
                
                | Scroll of Regeneration | 1 |  | 
| Lesser Clarity Potion | 1 |  | 
                2 total
  
               
              
              
» 
timg4strok (
pink | 130 APM | 1496 actions | 11:28)
              
 4 Death Knight 
 2 Death Coil
 2 Unholy Aura
 1 Lich 
 1 Frost Nova
 
                » actions 
                
                | Assign group hotkey | 16 |  | 
| Basic commands | 20 |  | 
| Build / train | 35 |  | 
| Enter build submenu | 11 |  | 
| Enter hero's abilities submenu | 5 |  | 
| Give item / drop item | 1 |  | 
| Right click | 758 |  | 
| Select / deselect | 130 |  | 
| Select group hotkey | 487 |  | 
| Use ability | 33 |  | 
                1496 total
 » units 
                
                | Acolyte | 2 |  | 
| Ghoul | 3 |  | 
| Crypt Fiend | 13 |  | 
                18 total
 » upgrades
                » buildings
                
                | Crypt | 1 |  | 
| Graveyard | 1 |  | 
| Ziggurat | 4 |  | 
| Altar of Darkness | 1 |  | 
| Tomb of Relics | 1 |  | 
| Halls of the Dead | 1 |  | 
| Black Citadel | 1 |  | 
| Nerubian Tower | 1 |  | 
                11 total
 » build order
                00:05 Crypt
00:09 Graveyard
00:27 Ziggurat
01:00 Altar of Darkness
01:49 Ziggurat
02:36 Tomb of Relics
04:31 Ziggurat
05:11 Halls of the Dead
06:01 Ziggurat
09:09 Black Citadel
09:41 Nerubian Tower
» items
                
                | Scroll of Town Portal | 2 |  | 
| Rod of Necromancy | 1 |  | 
| Potion of Healing | 1 |  | 
| Sacrificial Skull | 1 |  | 
                5 total
  
               team 2 (loser) 
              
              
ar.figure (
blue | 41 APM | 468 actions | 11:22)
              
 2 Priestess of the Moon 
 1 Searing Arrows
 1 Trueshot Aura
 
                » actions 
                
                | Assign group hotkey | 3 |  | 
| Basic commands | 18 |  | 
| Build / train | 25 |  | 
| ESC pressed | 3 |  | 
| Enter build submenu | 11 |  | 
| Enter hero's abilities submenu | 2 |  | 
| Right click | 243 |  | 
| Select / deselect | 126 |  | 
| Select group hotkey | 6 |  | 
| Use ability | 31 |  | 
                468 total
 » units 
                
                | Wisp | 17 |  | 
| Huntress | 4 |  | 
| Glaive Thrower | 1 |  | 
                22 total
 » buildings
                
                | Altar of Elders | 1 |  | 
| Moon Well | 2 |  | 
| Ancient of War | 2 |  | 
| Hunter's Hall | 1 |  | 
| Ancient Protector | 4 |  | 
                10 total
 » build order
                00:03 Altar of Elders
00:19 Moon Well
01:44 Ancient of War
01:46 Hunter's Hall
02:02 Ancient of War
02:16 Moon Well
04:56 Ancient Protector
04:58 Ancient Protector
05:29 Ancient Protector
05:58 Ancient Protector
 
               
              
              
MyStiQuE) (
green | 129 APM | 1458 actions | 11:19)
              
 3 Keeper of the Grove 
 2 Entangling Roots
 1 Thorns Aura
 
                » actions 
                
                | Assign group hotkey | 97 |  | 
| Basic commands | 70 |  | 
| Build / train | 47 |  | 
| ESC pressed | 1 |  | 
| Enter build submenu | 13 |  | 
| Enter hero's abilities submenu | 4 |  | 
| Remove unit from queue | 1 |  | 
| Right click | 737 |  | 
| Select / deselect | 273 |  | 
| Select group hotkey | 170 |  | 
| Use ability | 45 |  | 
                1458 total
 » units 
                
                | Wisp | 21 |  | 
| Huntress | 11 |  | 
| Glaive Thrower | 3 |  | 
                35 total
 » upgrades
                
                | Strength of the Moon | 1 |  | 
| Moon Armor | 1 |  | 
                2 total
 » buildings
                
                | Altar of Elders | 1 |  | 
| Moon Well | 6 |  | 
| Hunter's Hall | 1 |  | 
| Ancient of War | 3 |  | 
| Ancient Protector | 1 |  | 
| Tree of Ages | 3 |  | 
                15 total
 » build order
                00:04 Altar of Elders
00:17 Moon Well
01:54 Hunter's Hall
01:55 Ancient of War
02:13 Ancient of War
02:38 Moon Well
02:41 Moon Well
02:59 Ancient of War
03:22 Ancient Protector
05:20 Moon Well
09:35 Moon Well
10:29 Tree of Ages
10:29 Tree of Ages
10:32 Moon Well
 
               
              
              
TeamatesFTL (
yellow | 83 APM | 950 actions | 11:27)
              
 3 Death Knight 
 2 Death Coil
 1 Unholy Aura
 2 Lich 
 1 Frost Nova
 1 Frost Armor
 
                » actions 
                
                | Assign group hotkey | 20 |  | 
| Basic commands | 53 |  | 
| Build / train | 48 |  | 
| Enter build submenu | 16 |  | 
| Enter hero's abilities submenu | 5 |  | 
| Give item / drop item | 1 |  | 
| Remove unit from queue | 1 |  | 
| Right click | 471 |  | 
| Select / deselect | 163 |  | 
| Select group hotkey | 109 |  | 
| Use ability | 63 |  | 
                950 total
 » units 
                
                | Acolyte | 6 |  | 
| Ghoul | 4 |  | 
| Crypt Fiend | 12 |  | 
                22 total
 » upgrades
                
                | Creature Carapace | 1 |  | 
| Burrow | 1 |  | 
                2 total
 » buildings
                
                | Graveyard | 2 |  | 
| Crypt | 1 |  | 
| Altar of Darkness | 2 |  | 
| Ziggurat | 3 |  | 
| Tomb of Relics | 1 |  | 
| Halls of the Dead | 2 |  | 
| Black Citadel | 2 |  | 
| Sacrificial Pit | 1 |  | 
| Nerubian Tower | 1 |  | 
| Boneyard | 2 |  | 
                17 total
 » build order
                00:04 Graveyard
00:07 Graveyard
00:08 Crypt
00:16 Altar of Darkness
00:17 Altar of Darkness
00:38 Ziggurat
01:02 Tomb of Relics
01:24 Ziggurat
04:37 Halls of the Dead
04:37 Halls of the Dead
05:11 Ziggurat
07:08 Black Citadel
07:08 Black Citadel
07:49 Sacrificial Pit
08:50 Nerubian Tower
09:48 Boneyard
10:28 Boneyard
» items
                
                | Rod of Necromancy | 3 |  | 
| Dust of Appearance | 1 |  | 
| Sacrificial Skull | 1 |  | 
                5 total
  
                Chat log
          (00:06 / Allies) Mata.: some bull cr*p
(00:13 / Allies) p.rower: same plan?
(00:15 / Allies) Mata.: yea
(00:22 / Allies) Mata.: except this time lets own all elves
(00:28 / Allies) Mata.: scouting again 
(00:41 / All) timg4strok: gg lg
(00:44 / Allies) Mata.: i'll try to make an anti harass tower
(00:44 / All) timg4strok: gl
(00:47 / All) ar.figure: u2
(00:48 / Allies) p.rower: yea ud sent his ghouls at my towers last time
(01:53 / Allies) Mata.: ne got nothin much
(02:12 / Allies) p.rower: fiendhunt
(02:22 / Allies) Mata.: tower sent
(02:24 / Allies) timg4strok: miggity mad aow
(02:49 / Allies) Mata.: cancel aows
(03:04 / Allies) Mata.: all 3 on top
(03:09 / Allies) Mata.: nm
(03:10 / Allies) timg4strok: false
(03:11 / Allies) Mata.: just too many
(05:19 / Allies) p.rower: get the ap
(05:19 / Allies) p.rower: timg
(05:34 / Allies) timg4strok: wut
(05:55 / Allies) Mata.: top fucked sorry
(06:03 / Allies) Mata.: couldnt deal with entangle kotg with mass well
(06:05 / Allies) timg4strok: its voer down here
(06:05 / Allies) p.rower: lum
(06:08 / Allies) p.rower: plz
(06:11 / Allies) p.rower: ty
(08:03 / Allies) timg4strok: keep him busy
(08:09 / Allies) p.rower: ill do it
(08:40 / Allies) Mata.: backin up
(09:23 / Allies) timg4strok: fucking nice
(09:23 / Allies) p.rower: rofl
(09:29 / Allies) timg4strok: one aco left too
(09:31 / Allies) timg4strok: ud fucked for a while
(09:40 / Allies) Mata.: thats what we need
(10:47 / Allies) Mata.: charge
(10:57 / Allies) p.rower: he's teching wyrms
(10:58 / Allies) p.rower: btw
(11:07 / Allies) p.rower: pulled plug